 Dungeon Crawl Stone Soup version 0.31.0-32-g396128a36d (webtiles) character file.

Game seed: 3731764357631969027

77 Silvore the Covered (level 4, 0/40 HPs)
             Began as a Minotaur Fighter on Mar 30, 2024.
             Slain by an orc priest
             ... wielding a +0 hand axe
              (7 damage)
             ... on level 2 of the Dungeon.
             The game lasted 00:00:53 (783 turns).

Silvore the Covered (Minotaur Fighter)               Turns: 783, Time: 00:00:53

Health: 0/40       AC:  7    Str: 23    XL:     4   Next: 13%
Magic:  3/3        EV:  9    Int:  5    God:
Gold:   81         SH:  4    Dex:  9    Spells: 3/3 levels left

rFire   . . .        a - +0 flail
rCold   . . .        c - +0 buckler
rNeg    . . .        b - +0 scale mail
rPois   .            (helmet restricted)
rElec   .            (no cloak)
rCorr   .            (no gloves)
SInv    .            (no boots)
Will    .....        (no amulet) Stlth
                     (no ring)
HPRegen 0.26/turn    (no ring)
MPRegen 0.08/turn

%: no passive effects
@: no status effects
A: horns 2, retaliatory headbutt
a: no special abilities


You were on level 2 of the Dungeon.
You visited 1 branch of the dungeon, and saw 2 of its levels.

You collected 81 gold pieces.

Inventory:

Hand Weapons
 a - a +0 flail (weapon)
Armour
 b - a +0 scale mail (worn)
 c - a +0 buckler (worn)
Scrolls
 e - a scroll of teleportation {unknown}
 f - a scroll of torment {unknown}
 g - a scroll of fog {unknown}
Potions
 d - a potion of might


   Skills:
 + Level 4.0 Fighting
 + Level 4.0 Maces & Flails
 + Level 4.2 Armour
 + Level 4.2 Shields


You had 3 spell levels left.
You didn't know any spells.
Your spell library was empty.

Dungeon Overview and Level Annotations

Branches:
Dungeon (2/15)

Altars:

Shops:
D:2 *


Innate Abilities, Weirdness & Mutations

You have a pair of horns on your head.
You reflexively headbutt those who attack you in melee.


Message History

Your Maces & Flails skill increases to level 4!
You have reached level 4!
You feel stronger.
You sock the orc!
You kill the orc!
The orc barely misses you. You block the orc's attack.
Things that are here:
a +0 mace; an orc corpse; an adder corpse You hit the orc.
The orc is heavily wounded.
The orc hits you with a +0 trident.
You hit the orc.
You kill the orc!
You closely miss the orc. You block the orc's attack.
You completely miss the orc. Your headbutt misses the orc.
The orc hits you but does no damage. The orc completely misses you.
You sock the orc!
You kill the orc!
The orc priest calls down the wrath of Beogh upon you.
Beogh smites you!
You hit the orc.
The orc is severely wounded.
The orc barely misses you. You furiously retaliate!
You headbutt the orc!
You kill the orc!
You block the orc priest's attack.
Items here: ( ))) †.
You hit the orc priest but do no damage.
The orc priest calls down the wrath of Beogh upon you.
Pain shoots through your body!
* * * LOW HITPOINT WARNING * * *
The orc priest mumbles some strange prayers to Beogh against you.
Pain shoots through your body!
* * * LOW HITPOINT WARNING * * *
You barely miss the orc priest.
The orc priest hits you but does no damage.
You thump the orc priest!
The orc priest is severely wounded.
The orc priest hits you with a +0 hand axe!
You die...

#.............#
#.#####.######>..##.###########
#.......†###.#.#.##.##.........
#............#.#.##.##.........
#.........##.#.#....##.........
#........<.# #.###..##.........
#..........# #.# ##.##.........
#..........# #)# #..))........
#........### #@####.##.........
#.#####... #o..[..#.†........
)..#####..#####.###.#####
.................###......
#....########......##......
##.....###.....
###########.....# #.....
#............#.#########
#...........†.....#


You could see an orc priest.

Vanquished Creatures
  4 adders (D:2)
  3 dart slugs
  4 orcs (D:2)
  3 ball pythons
  3 bats
  3 endoplasms (D:1)
  2 giant cockroaches
  A goblin (D:1)
  2 hobgoblins (D:2)
  2 kobolds (D:2)
  A quokka (D:1)
  2 frilled lizards (D:1)
  2 rats (D:1)
32 creatures vanquished.

Notes
Turn   | Place    | Note
-------+----------+-------------------------------------------
     0 | D:1      | Silvore the Minotaur Fighter began the quest for the Orb.
     0 | D:1      | Reached XP level 1. HP: 19/19 MP: 0/0
   106 | D:1      | Reached XP level 2. HP: 27/27 MP: 1/1
   624 | D:2      | Reached XP level 3. HP: 19/33 MP: 2/2
   729 | D:2      | Found Etiskops's General Store.
   772 | D:2      | Reached XP level 4. HP: 31/40 MP: 3/3
   783 | D:2      | Slain by an orc priest

Illustrated notes

Levels and vault maps discovered:
D:1:      eino_arrival_tree_alley, layout_basic
D:2:      layout_basic, serial_shops, shop

Skill      XL: |  1  2  3 |
---------------+----------+-----
Shields        | 4 |  4.2
Armour         | 4 |  4.2
Maces & Flails | 3 4 |  4.0
Fighting       | 4 |  4.0

Action                     |  1- 3 |  4- 6 || total
---------------------------+-------+-------++-------
  Melee: Flail             |    53 |    10 ||    63
         Headbutt          |     4 |       ||     4
 Armour: Scale mail        |    40 |     4 ||    44
  Dodge: Dodged            |    33 |     3 ||    36
  Block: Buckler           |    21 |     3 ||    24
